 Dungeon Crawl Stone Soup version 0.21.1-1-g345015f (webtiles) character file.

521426 Monsterracer the Sensei (level 24, -1/227 (228) HPs)
             Began as a Minotaur Monk on May 31, 2018.
             Killed from afar by a storm dragon (26 damage)
             ... with a bolt of lightning
             ... on level 1 of the Realm of Zot on June 1, 2018.
             The game lasted 02:21:02 (84699 turns).

Monsterracer the Sensei (Minotaur Monk)            Turns: 84699, Time: 02:21:03

HP:   -1/227 (228)  AC: 16    Str: 20    XL:     24   Next: 12%
MP:   0/22          EV: 33    Int: 10    God:
Gold: 4348          SH: 25    Dex: 27    Spells: 23/23 levels left

rFire    . . .     SeeInvis .     - Unarmed
rCold    . . .     Gourm    .   b - +1 large shield
rNeg     . . .     Faith    .   (no armour)
rPois    .         Spirit   +   B - +2 hat
rElec    .         Reflect  .   t - +2 cloak of Gravity {MR+ Str+5}
rCorr    .         Harm     .   w - +2 pair of gloves {Dex+3}
MR       +++..     Rnd*Rage +   u - +2 pair of boots
Stlth    +++++++...             H - amulet of guardian spirit
HPRegen  0.47/turn              x - ring "Tucagag" {MR+ Int+3 Slay+3}
MPRegen  0.18/turn              A - +5 ring of protection

@: studying Stealth
A: retaliatory headbutt, horns 2, berserk 1, weak 1
}: 3/15 runes: decaying, slimy, gossamer
a: no special abilities


You were on level 1 of the Realm of Zot.
You were not hungry.

You visited 9 branches of the dungeon, and saw 47 of its levels.
You visited the Abyss 2 times.
You also visited: Labyrinth.

You collected 6432 gold pieces.
You spent 2084 gold pieces at shops.

Inventory:

Armour
 b - a +1 large shield (worn)
 t - the +2 cloak of Gravity (worn) {MR+ Str+5}
   (You found it on level 7 of the Dungeon)

   It affects your strength (+5).
   It affects your resistance to hostile enchantments.
 u - a +2 pair of boots (worn)
 w - a +2 pair of gloves of dexterity (worn)
 B - a +2 hat (worn)
 D - a +2 pair of boots of flying
Jewellery
 a - an uncursed ring of protection from fire {!d}
 e - an uncursed ring of resist corrosion
 q - an uncursed ring of poison resistance {!d}
 s - an uncursed ring of protection from fire {!d}
 x - the ring "Tucagag" (left hand) {MR+ Int+3 Slay+3}
   (You bought it in a shop on level 7 of the Dungeon)

   [ring of protection from magic]

   It affects your intelligence (+3).
   It affects your accuracy and damage with ranged weapons and melee attacks
   (+3).
   It affects your resistance to hostile enchantments.
 y - an uncursed ring of positive energy
 A - a +5 ring of protection (right hand)
 C - an uncursed ring of protection from cold {!d}
 F - an uncursed ring of see invisible
 H - an amulet of guardian spirit (around neck)
 O - a +6 amulet of reflection
Wands
 K - a wand of enslavement (13)
Scrolls
 f - a scroll of fog
 g - 14 scrolls of remove curse
 h - 8 scrolls of fear {!r}
 i - 11 scrolls of identify
 l - 8 scrolls of blinking
 o - 15 scrolls of teleportation
 p - 5 scrolls of magic mapping {!r}
 J - 4 scrolls of holy word
 L - a scroll of enchant armour
 P - a scroll of summoning {!r}
Potions
 d - 5 potions of agility
 j - 16 potions of curing
 k - 3 potions of resistance
 m - 8 potions of flight
 n - 14 potions of heal wounds
 r - 10 potions of ambrosia {!q}
 v - 6 potions of lignification
 z - 3 potions of mutation {!q}
 E - 3 potions of might
 G - 3 potions of haste
 I - 2 potions of berserk rage {!q}
 N - a potion of invisibility
Books
 M - a manual of Stealth
Comestibles
 c - 75 rations


   Skills:
 + Level 21.4 Fighting
 + Level 20.0 Dodging
 - Level 15.0 Stealth
 + Level 20.5 Shields
 * Level 26.6 Unarmed Combat


You had 23 spell levels left.
You didn't know any spells.

Dungeon Overview and Level Annotations

Branches:
Dungeon (15/15)            Temple (0/1) D:7            Lair (6/6) D:9
  Swamp (4/4) Lair:2       Spider (4/4) Lair:4        Slime (5/5) Lair:6
    Orc (2/2) D:11            Elf (0/3) Orc:2        Vaults (4/5) D:14
  Crypt (0/3) Vaults:2     Depths (5/5) D:15            Zot (2/5) Depths:5

Altars:
Ashenzari
Fedhas
Gozag
Makhleb
Qazlal
Ru
Sif Muna
Vehumet
Wu Jian
Yredelemnul
Zin
The Shining One
Beogh
Jiyva
Lugonu

Shops:
D:4 *   D:7 =   D:12 ?   Orc:2 [}**   Vaults:2 }   Vaults:4 !

Portals:
Hell: Depths:1 Depths:2 Depths:3 Depths:4 Depths:5
Abyss: Depths:1 Depths:2 Depths:4 Depths:5
Pandemonium: Depths:3 Depths:5
Ziggurat: Depths:5
Trove: D:11 (give horn of Geryon)


Innate Abilities, Weirdness & Mutations

You reflexively headbutt those who attack you in melee.
You have a pair of horns on your head.
You tend to lose your temper in combat.
You are weak. (Str -2)


Message History

Put on which piece of jewellery? (? for menu, Esc to quit)
You're wearing all the rings you can.
Remove which one? (? for menu, Esc to cancel) < or
a - a ring of protection from fire {!d} > or
e - a ring of resist corrosion You remove your ring of resist corrosion.
s - a ring of protection from fire (right hand) {!d} Unknown command.
You hit the orb of fire but do no damage.
You miss the orb of fire. Your headbutt misses the orb of fire.
You miss the orb of fire. You closely miss the orb of fire.
You pummel the orb of fire!! Your headbutt misses the orb of fire.
The orb of fire is lightly damaged.
You closely miss the orb of fire.
The orb of fire is lightly damaged.
You punch the orb of fire!
You headbutt the orb of fire, but do no damage.
The orb of fire is moderately damaged.
You punch the orb of fire! Your headbutt misses the orb of fire.
The orb of fire is moderately damaged.
You closely miss the orb of fire.
The orb of fire is moderately damaged.
You hit the orb of fire. Your headbutt misses the orb of fire.
The orb of fire is moderately damaged.
You barely miss the orb of fire. Your headbutt misses the orb of fire.
The orb of fire is moderately damaged.
You closely miss the orb of fire.
The orb of fire is moderately damaged.
You pummel the orb of fire!!
The orb of fire is heavily damaged.
You miss the orb of fire. Your headbutt misses the orb of fire.
The orb of fire is heavily damaged.
The orb of fire glows yellow.
The fireball explodes!
The fireball engulfs you! You resist.
* * * LOW HITPOINT WARNING * * *
The fireball engulfs the orb of fire.
The orb of fire completely resists.
You hear a deafening roar!
You take 17 damage, and have 69/227 hp.
You now have 7/22 mp.
Unknown command.
You closely miss the orb of fire.
The orb of fire is heavily damaged.
The orb of fire glows yellow.
The fireball explodes!
The fireball engulfs you! You resist.
* * * LOW HITPOINT WARNING * * *
The fireball engulfs the orb of fire.
The orb of fire completely resists.
You take 25 damage, and have 44/227 hp.
You now have 5/22 mp.
You pummel the orb of fire!!
The orb of fire is heavily damaged.
Your surroundings suddenly seem different.
Found 17 sling bullets.
A storm dragon and a moth of wrath come into view.
Put on which piece of jewellery? (? for menu, Esc to quit)
Okay, then.
Put on which piece of jewellery? (? for menu, Esc to quit)
You remove your ring of protection from fire {!d}.
A - a +5 ring of protection (right hand) Put on which piece of jewellery? (? for menu, Esc to quit)
You're wearing all the rings you can.
Remove which one? (? for menu, Esc to cancel) < or
a - a ring of protection from fire {!d} > or
A - a +5 ring of protection You remove your ring of protection from fire {!d}.
x - the ring "Tucagag" (left hand) {MR+ Int+3 Slay+3} You squash the moth of wrath like an ant!!!
You kill the moth of wrath!
The storm dragon breathes lightning at you.
The bolt of lightning hits you!
* * * LOW HITPOINT WARNING * * *
You see here a moth of wrath corpse.
You take 19 damage, and have 26/227 hp.
You now have 3/22 mp.
Evoke which item? (* to show all) (? for menu, Esc to quit)
Okay, then.
You punch the storm dragon!
You headbutt the storm dragon, but do no damage.
The storm dragon is lightly wounded.
You hit the storm dragon. You headbutt the storm dragon.
The storm dragon is moderately wounded.
You block the storm dragon's attack. x2; The storm dragon tramples you.
* * * LOW HITPOINT WARNING * * *
You stumble backwards!
You take 3 damage, and have 23/227 hp.
You now have 2/22 mp.
You block the storm dragon's attack. x2; The storm dragon misses you.
You punch the storm dragon!
You headbutt the storm dragon, but do no damage.
The storm dragon is moderately wounded.
The storm dragon misses you. You furiously retaliate!
You headbutt the storm dragon!! You block the storm dragon's attack. x2
You punch the storm dragon!
The storm dragon is severely wounded.
The storm dragon misses you. You furiously retaliate!
You headbutt the storm dragon. You block the storm dragon's attack. x2
You hit the storm dragon but do no damage.
You headbutt the storm dragon.
The storm dragon is severely wounded.
You pummel the storm dragon!! You headbutt the storm dragon.
The storm dragon is almost dead.
The storm dragon breathes lightning at you.
The bolt of lightning hits you!
You die...

*,,,+,,,,,,*,*** *,***,,,,,,*,,,*
*,* *,,,,,,***,* *,* *,,,,,,***,*
************* *,# *,,,,,,*,,,,
,,,,,,,,,,,,* *.# *,,,,,,*,*,*
,,,,,≈≈≈≈≈≈,######.##*,,,,,,+,*,*
,,,,,≈≈≈≈≈≈,+.......##,,,,,,*,*,*
,,,,,≈≈≈≈≈≈,##.D@....+,,,,,,*,,,,
,,,,,≈≈≈≈≈≈,*#.#######,,,,,,*,***
,,,,,≈≈≈≈≈≈,*#.* **+*****,***
,,,,,,,,,,,,*#.********,**,,,,,,,
**+*******+**#(**,,,,,,,,,,**,***
*,* *,,,* #.,,,,****,**,**,* *
**,** *,*** ##**,,* *,**,**,* *
,,,,****,********,,* *,**,**,* *
**,,,,,,,,,,,,,,,,,* *,,,,,,,* *


You could see a storm dragon.

Vanquished Creatures
  the Royal Jelly (Slime:5)
  A juggernaut (Depths:3)
  Sojobo (Depths:3)
  Bai Suzhen (Depths:1)
  Saint Roka (Depths:1)
  Xtahua (Vaults:4)
  2 golden dragons
  A bone dragon (Depths:5)
  Arachne (Spider:4)
  9 liches
  A tentacled monstrosity (Zot:1)
  2 quicksilver dragons
  2 titans
  2 Executioners (Abyss:3)
  2 sphinxes (Vaults:4)
  7 tentacled starspawn
  26 acid blobs
  A death cob (Zot:1)
  Gastronok (D:9)
  The ghost of Rhok the Brawler, an adept MiMo (Swamp:3)
  7 tengu reavers
  6 thorn hunters
  5 fire giants
  9 azure jellies
  An azure jelly (shapeshifter) (Depths:3)
  A deep elf sorcerer (Vaults:3)
  7 frost giants
  2 juggernaut zombies (Depths:4)
  8 emperor scorpions
  2 balrugs
  4 ghost moths
  A caustic shrike zombie (Depths:4)
  A draconian shifter (Depths:5)
  4 ironheart preservers
  7 vault wardens
  2 draconian annihilators (Depths:5)
  34 very ugly things
  A war gargoyle (Vaults:4)
  A deep elf demonologist (Depths:2)
  20 stone giants
  4 entropy weavers
  4 vampire knights
  2 yellow draconians (Depths:5)
  3 red draconians
  A purple draconian (Depths:5)
  A white draconian (Depths:5)
  10 spark wasps
  A deep elf death mage (Depths:2)
  Snorg (D:11)
  9 ettins
  6 death oozes
  7 fire dragons
  2 jiangshi (Depths:3)
  2 deep elf high priests
  11 great orbs of eyes
  A quicksilver dragon skeleton (Abyss:3)
  11 yaktaur captains
  Josephine (D:10)
  Harold (D:12)
  Fannar (D:10)
  8 rakshasas
  5 ice dragons
  4 spriggan air magi
  A ghost crab (Swamp:4)
  15 vault guards
  21 hydras
  Erolcha (D:13)
  Erica (D:9)
  47 two-headed ogres
  5 starcursed masses
  9 alligators
  8 centaur warriors
  11 deep troll shamans
  12 ogre magi
  2 vampire magi
  6 deep troll earth magi
  Urug (D:10)
  3 thrashing horrors
  2 death knights
  3 spriggan berserkers
  5 tengu warriors
  2 hell hogs (Depths:2)
  A soul eater (Depths:5)
  5 hell knights
  8 deep elf knights
  A fire crab (Lair:6)
  Nergalle (Lair:1)
  6 wretched stars (Abyss:3)
  2 sixfirhies
  4 iron trolls
  4 skeletal warriors
  4 unseen horrors
  2 spatial maelstroms (Abyss:3)
  8 glowing orange brains
  An infernal demonspawn (Depths:3)
  An unseen horror (shapeshifter) (Depths:2)
  A torturous demonspawn (Depths:3)
  4 deep elf archers
  A shadow dragon zombie (Depths:4)
  17 deep trolls
  4 flayed ghosts
  2 storm dragon skeletons (Vaults:2)
  4 phantasmal warriors
  3 spriggan druids
  7 swamp dragons
  7 wizards
  12 ironbrand convokers
  18 orc knights
  3 shining eyes
  A fire giant zombie (Depths:4)
  8 necromancers
  25 wolf spiders
  An iron dragon zombie (D:15)
  7 harpies (Vaults:2)
  5 cyclopes
  17 orb spiders
  8 deep elf magi
  55 ugly things
  7 moths of wrath
  4 orc sorcerers
  A faun (shapeshifter) (Vaults:3)
  A sphinx skeleton (Vaults:3)
  4 manticores
  2 salamanders (shapeshifter)
  A worldbinder (Abyss:3)
  2 iron dragon skeletons (Depths:4)
  A moth of wrath (shapeshifter) (Depths:5)
  4 black mambas
  2 frost giant skeletons (Vaults:2)
  2 rust devils (Depths:5)
  3 smoke demons (Abyss:3)
  A fire giant skeleton (Vaults:2)
  9 vault sentinels
  Maurice (D:10)
  An apocalypse crab (Abyss:3)
  An orange demon (Abyss:2)
  16 spiny frogs
  3 eyes of devastation
  A spiny frog (shapeshifter) (Vaults:4)
  2 gargoyles
  Psyche (D:11)
  A shock serpent skeleton (Abyss:2)
  3 komodo dragons
  40 yaktaurs
  An elf skeleton (Depths:4)
  A yaktaur (shapeshifter) (Vaults:4)
  3 rime drakes (Lair:4)
  A tormentor (Depths:3)
  5 freezing wraiths
  9 demonic crawlers
  4 tengu conjurers
  3 hellwings (Abyss:3)
  3 ancient zymes
  2 ice devils (Depths:3)
  An efreet (Abyss:3)
  2 guardian mummies (D:11)
  3 red devils
  6 trolls
  A yaktaur skeleton (D:15)
  6 polar bears
  A meliai (shapeshifter) (Vaults:1)
  2 trolls (shapeshifter)
  33 jumping spiders
  14 hornets
  8 tyrant leeches
  A blink frog (shapeshifter) (Depths:4)
  74 slime creatures
  2 meliai zombies (D:14)
  15 bog bodies
  14 blink frogs
  10 hippogriffs
  9 raiju
  A dream sheep (Lair:6)
  2 hippogriffs (shapeshifter)
  A dream sheep (shapeshifter) (Vaults:1)
  A frost giant simulacrum (Vaults:2)
  An ettin skeleton (Vaults:2)
  101 redbacks
  21 spriggans
  4 ynoxinuls
  4 shadows
  2 water elementals
  7 air elementals
  25 tarantellas
  9 wraiths
  A vampire (D:14)
  33 yaks
  3 basilisks
  3 fire elementals
  10 wyverns
  2 hungry ghosts
  9 large abominations
  A basilisk (shapeshifter) (D:13)
  2 chaos spawn
  Grum (D:10)
  30 vampire mosquitoes
  A neqoxec (Abyss:2)
  A steam dragon (D:9)
  Menkaure (D:6)
  18 insubstantial wisps
  9 wargs
  15 swamp worms
  5 acid dragons
  12 hell hounds
  A soldier ant (shapeshifter) (Vaults:1)
  8 water moccasins
  9 small abominations
  A tengu zombie (D:15)
  12 human skeletons
  6 porcupines
  17 swamp drakes
  2 ice beasts
  A swamp drake (shapeshifter) (Vaults:1)
  A black bear (Lair:5)
  A deep troll skeleton (Vaults:2)
  56 orc warriors
  A necrophage (D:9)
  46 ogres
  5 eyes of draining
  3 sky beasts
  4 phantoms
  24 centaurs
  20 boggarts
  26 wolves
  9 crocodiles
  2 big kobolds (D:9)
  2 wyvern zombies (D:14)
  13 bullfrogs
  4 scorpions
  4 wights (D:7)
  2 howler monkeys
  6 electric eels
  16 crimson imps
  4 centaur zombies
  5 quasits
  2 iron imps (Abyss:3)
  5 hounds
  9 jellies
  25 orc priests
  4 centaur skeletons
  A bullfrog skeleton (D:12)
  Jessica (D:3)
  25 orc wizards
  Natasha (thrice) (D:3)
  2 iguanas (D:9)
  8 worker ants
  A statue (D:4)
  3 worker ant zombies
  2 howler monkey skeletons
  4 gnolls (D:3)
  15 adders
  7 shadow imps
  20 white imps
  2 ufetubi
  3 adder zombies
  An adder skeleton (D:4)
  2 worms (D:3)
  A dart slug (D:2)
  A leopard gecko (D:5)
  126 orcs
  2 giant cockroaches
  7 hobgoblins
  5 jackals (D:4)
  17 kobolds
  13 quokkas
  2 ball pythons
  7 bats
  5 frilled lizards
  7 goblins
  2 leopard gecko skeletons
  3 quokka zombies
  3 rats
  3 briar patches
  A starspawn tentacle (Abyss:2)
2041 creatures vanquished.

Vanquished Creatures (collateral kills)
  2 azure jellies (Slime:5)
  3 death oozes (Slime:5)
5 creatures vanquished.

Vanquished Creatures (others)
  A very ugly thing (Depths:5)
  A deep elf knight (Vaults:4)
  An orb spider (Spider:4)
  An ugly thing (Depths:3)
  A large abomination (Abyss:3)
  2 boggarts
  A centaur (Depths:2)
  An orc wizard (D:12)
  3 orcs
  7 briar patches (Swamp:4)
  5 bushes (Depths:3)
  11 fungi
  9 plants
  18 starspawn tentacles
62 creatures vanquished.

Grand Total: 2108 creatures vanquished

Notes
Turn   | Place    | Note
-------+----------+-------------------------------------------
     0 | D:1      | Monsterracer the Minotaur Monk began the quest for the Orb.
     0 | D:1      | Reached XP level 1. HP: 19/19 MP: 0/0
   131 | D:1      | HP: 9/19 [kobold (1)]
   679 | D:1      | Reached XP level 2. HP: 26/26 MP: 1/1
   732 | D:1      | Reached skill level 4 in Unarmed Combat
  1156 | D:2      | Reached XP level 3. HP: 31/31 MP: 2/2
  1727 | D:3      | Reached skill level 5 in Unarmed Combat
  2180 | D:3      | Found a burning altar of Makhleb.
  2182 | D:3      | Noticed a cacodemon
  2390 | D:3      | Reached XP level 4. HP: 37/39 MP: 3/3
  2408 | D:3      | Noticed Natasha
  2419 | D:3      | Killed Natasha
  2749 | D:3      | Noticed Natasha
  2753 | D:3      | Killed Natasha
  2753 | D:3      | Reached skill level 6 in Unarmed Combat
  2830 | D:3      | Noticed Natasha
  2834 | D:3      | Reached XP level 5. HP: 39/46 MP: 4/4
  2863 | D:3      | Killed Natasha
  3014 | D:3      | Noticed Jessica
  3020 | D:3      | Killed Jessica
  3338 | D:4      | Reached XP level 6. HP: 47/52 MP: 5/5
  3606 | D:4      | Found Zynischups's General Store.
  3611 | D:4      | Bought a scroll of blinking for 82 gold pieces
  3611 | D:4      | Bought a scroll of identify for 22 gold pieces
  3628 | D:4      | Found a basalt altar of Yredelemnul.
  3686 | D:4      | Found a glowing silver altar of Zin.
  3687 | D:4      | Found a shattered altar of Ashenzari.
  3842 | D:4      | Reached skill level 7 in Unarmed Combat
  4025 | D:4      | Found a radiant altar of Vehumet.
  4313 | D:4      | HP: 23/53 [ogre/giant spiked club (30)]
  4511 | D:4      | Reached XP level 7. HP: 60/60 MP: 6/6
  4730 | D:5      | Entered Level 5 of the Dungeon
  4833 | D:5      | Found a deep blue altar of Sif Muna.
  5094 | D:5      | Reached skill level 5 in Fighting
  5719 | D:6      | Reached skill level 8 in Unarmed Combat
  5822 | D:6      | Reached skill level 5 in Dodging
  5822 | D:6      | Reached XP level 8. HP: 42/69 MP: 7/7
  5838 | D:6      | HP: 33/69 [crimson imp (3)]
  6347 | D:6      | Found a stormy altar of Qazlal.
  6427 | D:6      | Noticed Menkaure
  6433 | D:6      | HP: 19/70 [??? (17)]
  6883 | D:6      | Killed Menkaure
  7180 | D:7      | Reached skill level 9 in Unarmed Combat
  7421 | D:7      | Found Pilu's Jewellery Shop.
  7448 | D:7      | HP: 33/70 [orc warrior/scimitar (23)]
  7457 | D:6      | HP: 19/70 [orc warrior/scimitar (16)]
  8086 | D:7      | Found a staircase to the Ecumenical Temple.
  8161 | D:7      | Found a faded altar of an unknown god.
  8161 | D:7      | Found a glowing golden altar of the Shining One.
  8166 | D:7      | Found an ornate altar of the Wu Jian Council.
  8168 | D:7      | Found an opulent altar of Gozag.
  8170 | D:7      | Found a faded altar of an unknown god.
  8247 | D:7      | Reached XP level 9. HP: 44/78 MP: 8/8
  8473 | D:7      | Got a scorched cloak
  8500 | D:7      | Identified the +2 cloak of Gravity {MR+ Str+5} (You found it on level 7 of the Dungeon)
  8831 | D:8      | Reached skill level 10 in Unarmed Combat
  9054 | D:8      | Reached skill level 5 in Stealth
  9088 | D:7      | HP: 39/79 [hippogriff (6)]
  9346 | D:8      | Noticed a two-headed ogre
  9362 | D:8      | HP: 35/79 [two-headed ogre/giant spiked club (5)]
  9363 | D:8      | Killed a two-headed ogre
  9363 | D:8      | Reached skill level 11 in Unarmed Combat
 10023 | D:9      | Reached XP level 10. HP: 88/88 MP: 9/9
 10211 | D:9      | Noticed a two-headed ogre
 10225 | D:9      | Killed a two-headed ogre
 10227 | D:9      | HP: 45/90 [iguana (9)]
 10246 | D:9      | HP: 45/90 [big kobold/dagger (4)]
 10251 | D:9      | HP: 35/90 [kobold/stone (2)]
 10262 | D:9      | HP: 36/90 [kobold (2)]
 10562 | D:9      | Noticed a two-headed ogre
 10569 | D:9      | Killed a two-headed ogre
 10794 | D:9      | Noticed Gastronok
 10805 | D:9      | HP: 14/90 [Gastronok/the air (38)]
 11145 | D:10     | Entered Level 10 of the Dungeon
 11145 | D:10     | Noticed Urug
 11145 | D:10     | Noticed Grum
 11181 | D:10     | Noticed Erica
 11184 | D:10     | Noticed a gargoyle
 11200 | D:9      | Killed Erica
 11200 | D:9      | Reached skill level 12 in Unarmed Combat
 11341 | D:10     | Killed a gargoyle
 11472 | D:10     | Noticed Fannar
 11488 | D:10     | Killed Fannar
 11488 | D:10     | Reached XP level 11. HP: 97/97 MP: 10/10
 11518 | D:10     | HP: 43/97 [Urug/double sword of pain (21)]
 11821 | D:10     | HP: 29/97 [Urug/double sword of pain (23)]
 12294 | D:10     | Killed Grum
 12446 | D:10     | Noticed Maurice
 12474 | D:10     | Killed Maurice
 12485 | D:10     | Noticed Josephine
 12499 | D:10     | HP: 45/99 [Josephine/dagger (8)]
 12502 | D:10     | Killed Josephine
 12505 | D:10     | HP: 26/99 [wraith[Josephine] (11)]
 12533 | D:10     | HP: 26/99 [wraith[Josephine] (8)]
 12541 | D:10     | HP: 10/99 [wraith[Josephine] (8)]
 12596 | D:10     | HP: 19/99 [wraith[Josephine] (7)]
 12603 | D:10     | HP: 14/99 [wraith[Josephine] (7)]
 12607 | D:10     | HP: 5/99 [wraith[Josephine] (11)]
 13042 | D:9      | Reached skill level 13 in Unarmed Combat
 13379 | D:11     | Noticed a green ugly thing
 13395 | D:11     | Killed a green ugly thing
 13395 | D:11     | Reached skill level 10 in Fighting
 13515 | D:11     | HP: 45/99 [ice beast (7)]
 13526 | D:11     | HP: 27/99 [phantom (6)]
 13863 | D:11     | Noticed Snorg
 14050 | D:11     | Noticed a white ugly thing
 14066 | D:11     | HP: 42/100 [white ugly thing (13)]
 14070 | D:11     | Killed a white ugly thing
 14071 | D:11     | HP: 23/100 [acid (4)]
 14106 | D:11     | HP: 21/100 [acid (3)]
 14694 | D:11     | Killed an unseen horror
 15151 | D:11     | Found a portal to a secret trove of treasure.
 15164 | D:11     | HP: 50/101 [guardian mummy (28)]
 15670 | D:11     | Found a staircase to the Orcish Mines.
 15746 | D:10     | HP: 44/101 [Urug/javelin of returning (20)]
 15788 | D:7      | Bought the ring "Tucagag" {MR+ Int+3 Slay+3} for 712 gold pieces
 16377 | D:11     | HP: 41/101 [Snorg (22)]
 16379 | D:11     | Killed Snorg
 16776 | Orc:1    | Entered Level 1 of the Orcish Mines
 16840 | Orc:1    | Found a radiant altar of Vehumet.
 17011 | Orc:1    | Reached skill level 14 in Unarmed Combat
 17023 | Orc:1    | Reached XP level 12. HP: 66/108 MP: 11/11
 17312 | Orc:1    | Reached skill level 10 in Dodging
 17594 | Orc:1    | HP: 53/110 [warg (9)]
 18371 | Orc:2    | Entered Level 2 of the Orcish Mines
 18371 | Orc:2    | Noticed a stone giant
 18559 | Orc:2    | Found a labyrinth entrance.
 18572 | Lab      | Entered a labyrinth
 19135 | Lab      | Noticed a minotaur
 19142 | Lab      | HP: 55/110 [minotaur/steaming short sword {pain} (1)]
 19149 | Lab      | HP: 42/110 [minotaur/arrow (15)]
 19163 | Lab      | HP: 39/110 [minotaur/arrow (7)]
 19175 | Lab      | HP: 4/110 [minotaur/arrow (38)]
 19665 | Orc:2    | Reached skill level 1 in Shields
 19777 | Orc:2    | HP: 49/110 [orc warrior/scimitar (13)]
 20135 | D:7      | Bought a +5 ring of protection for 770 gold pieces
 20247 | D:6      | HP: 55/110 [electric eel/bolt of electricity (10)]
 20753 | D:6      | HP: 47/110 [electric eel/bolt of electricity (13)]
 20754 | D:6      | HP: 20/110 [electric eel/bolt of electricity (16)]
 20756 | D:6      | HP: 5/110 [electric eel/bolt of electricity (5)]
 21138 | D:6      | HP: 54/110 [electric eel/bolt of electricity (11)]
 21140 | D:6      | HP: 22/110 [electric eel/bolt of electricity (8)]
 21558 | D:9      | Found a blossoming altar of Fedhas.
 21558 | D:9      | Found a sacrificial altar of Ru.
 21648 | D:9      | Killed Gastronok
 21648 | D:9      | Reached skill level 5 in Shields
 21820 | D:9      | Found a staircase to the Lair.
 21834 | D:9      | HP: 45/110 [komodo dragon (30)]
 21841 | D:9      | HP: 35/110 [wyvern (9)]
 22194 | Lair:1   | Entered Level 1 of the Lair of Beasts
 22265 | Lair:1   | Noticed Nergalle
 22279 | Lair:1   | Killed Nergalle
 23629 | Lair:2   | Found a staircase to the Swamp.
 23655 | Lair:2   | Noticed an eight-headed hydra
 23662 | Lair:2   | Killed an eight-headed hydra
 23662 | Lair:2   | Reached XP level 13. HP: 82/116 MP: 12/12
 23893 | Lair:2   | Got a crude long sword
 24833 | Lair:3   | Reached skill level 15 in Unarmed Combat
 25515 | Lair:4   | Found a hole to the Spider Nest.
 26903 | Lair:5   | Got a shimmering great sword
 27194 | Lair:5   | HP: 59/118 [seven-headed hydra (7)]
 27255 | Lair:5   | HP: 51/118 [seven-headed hydra (2)]
 27668 | Lair:6   | Entered Level 6 of the Lair of Beasts
 27743 | Lair:6   | Got a faintly glowing long sword
 28132 | Lair:6   | HP: 52/119 [spriggan rider/uncursed spear (21)]
 28137 | Lair:6   | HP: 20/119 [spriggan/short sword (7)]
 28145 | Lair:6   | HP: 9/119 [spriggan/dagger (13)]
 28703 | Lair:6   | Reached skill level 10 in Shields
 28712 | Lair:6   | Reached skill level 16 in Unarmed Combat
 28886 | Lair:6   | Reached XP level 14. HP: 101/127 MP: 13/13
 29737 | Lair:6   | Found a viscous altar of Jiyva.
 29738 | Lair:6   | Found a staircase to the Slime Pits.
 30252 | Orc:2    | Found a staircase to the Elven Halls.
 30527 | Orc:2    | HP: 47/127 [stone giant (27)]
 30529 | Orc:2    | Killed a stone giant
 30795 | Orc:2    | Found a roughly hewn altar of Beogh.
 30919 | Orc:1    | HP: 61/127 [two-headed ogre/dire flail (15)]
 30926 | Orc:1    | HP: 61/127 [poisoned by an ogre mage (bolt of poison)]
 30934 | Orc:1    | HP: 61/127 [poisoned by an ogre mage (bolt of poison)]
 31415 | Orc:2    | Reached skill level 10 in Stealth
 32101 | Orc:2    | Found Ciolouh's General Store.
 32101 | Orc:2    | Found Secamid's Gadget Shoppe.
 32102 | Orc:2    | Found Acuhell's General Store.
 32102 | Orc:2    | Found Otach's Armour Shop.
 32111 | Orc:2    | Bought a +0 pair of gloves of dexterity for 138 gold pieces
 32111 | Orc:2    | Bought a +0 pair of boots for 54 gold pieces
 32299 | D:10     | Killed Urug
 32299 | D:10     | Reached skill level 17 in Unarmed Combat
 32334 | D:12     | Noticed Psyche
 32342 | D:11     | Killed Psyche
 32643 | D:12     | Noticed Harold
 32669 | D:12     | HP: 64/129 [Harold/bolt of fire (11)]
 32677 | D:12     | Killed Harold
 32963 | D:12     | Found Rorasun's Magic Scroll Shop.
 32972 | D:12     | Bought 2 scrolls of teleportation for 96 gold pieces
 33483 | D:12     | HP: 64/129 [manticore (13)]
 34220 | D:13     | Reached XP level 15. HP: 136/136 MP: 14/14
 34761 | D:13     | Noticed Erolcha
 35050 | D:14     | Found a gate to the Vaults.
 35518 | D:14     | HP: 67/137 [tengu warrior/war axe (6)]
 35561 | D:14     | HP: 56/137 [tengu conjurer/bolt of poison[a tengu warrior] (23)]
 35566 | D:14     | HP: 53/137 [poisoned by a tengu conjurer (bolt of poison)]
 35571 | D:14     | HP: 52/137 [poisoned by a tengu conjurer (bolt of poison)]
 35578 | D:14     | HP: 51/137 [poisoned by a tengu conjurer (bolt of poison)]
 35585 | D:14     | HP: 51/137 [poisoned by a tengu conjurer (bolt of poison)]
 35593 | D:14     | HP: 52/137 [poisoned by a tengu conjurer (bolt of poison)]
 37342 | D:14     | Reached skill level 18 in Unarmed Combat
 37663 | D:13     | Killed Erolcha
 37739 | D:15     | Entered Level 15 of the Dungeon
 37739 | D:15     | Found a staircase to the Depths.
 37996 | D:15     | HP: 67/139 [iron dragon zombie (11)]
 38261 | D:15     | Got a polished hunting sling
 38456 | D:15     | HP: 68/139 [manticore (6)]
 39300 | Swamp:1  | Entered Level 1 of the Swamp
 39488 | Swamp:1  | HP: 66/139 [slime creature (16)]
 39494 | Lair:2   | HP: 46/139 [slime creature (9)]
 41047 | Swamp:2  | Reached XP level 16. HP: 144/147 MP: 15/15
 41362 | Swamp:2  | Got a translucent scale mail
 41766 | Swamp:2  | Noticed a thorn hunter
 41783 | Swamp:2  | HP: 44/147 [thorn hunter/volley of thorns (35)]
 41784 | Swamp:2  | HP: 19/147 [thorn hunter/volley of thorns (25)]
 42234 | Swamp:2  | Killed a thorn hunter
 42395 | Swamp:3  | Noticed a thorn hunter
 42475 | Swamp:3  | HP: 72/147 [thorn hunter/volley of thorns (9)]
 42884 | Swamp:3  | Reached skill level 19 in Unarmed Combat
 42935 | Swamp:3  | Noticed Rhok's ghost (adept MiMo)
 42963 | Swamp:3  | Killed Rhok's ghost
 42963 | Swamp:3  | Reached skill level 15 in Fighting
 42967 | Swamp:3  | HP: 74/149 [bog body (9)]
 42996 | Swamp:3  | Noticed a thorn hunter
 43200 | Swamp:3  | Killed a thorn hunter
 44221 | Swamp:4  | Entered Level 4 of the Swamp
 44226 | Swamp:4  | Noticed a thorn hunter
 44425 | Swamp:4  | HP: 73/149 [thorn hunter (19)]
 44427 | Swamp:4  | Killed a thorn hunter
 45189 | Swamp:4  | HP: 70/149 [alligator (7)]
 45619 | Swamp:4  | Noticed a thorn hunter
 45653 | Swamp:4  | Noticed a thorn hunter
 45705 | Swamp:4  | Killed a thorn hunter
 46219 | Swamp:4  | Killed a thorn hunter
 46263 | Swamp:4  | Noticed a thorn hunter
 46357 | Swamp:4  | Killed a thorn hunter
 46920 | Swamp:4  | Got a decaying rune of Zot
 46986 | Swamp:4  | Reached XP level 17. HP: 142/157 MP: 16/16
 47439 | Spider:1 | Entered Level 1 of the Spider Nest
 47611 | D:7      | Bought an uncursed ring of see invisible for 210 gold pieces
 48614 | Spider:1 | Reached skill level 20 in Unarmed Combat
 50446 | Spider:2 | Reached skill level 15 in Dodging
 52227 | Spider:4 | Entered Level 4 of the Spider Nest
 52234 | Spider:4 | Reached skill level 15 in Shields
 52288 | Spider:3 | HP: 78/159 [emperor scorpion (23)]
 52813 | Spider:4 | Noticed Arachne
 52830 | Spider:4 | Killed Arachne
 52901 | Spider:4 | Reached skill level 21 in Unarmed Combat
 53008 | Spider:4 | Reached XP level 18. HP: 168/168 MP: 17/17
 54867 | Spider:4 | Got a gossamer rune of Zot
 55275 | Vaults:1 | Entered Level 1 of the Vaults
 56694 | Vaults:1 | Gained mutation: You are weak. (Str -2) [a shining eye]
 58064 | Vaults:2 | Found a staircase to the Crypt.
 58592 | Vaults:2 | HP: 84/170 [ice dragon/blast of cold (51)]
 59040 | Vaults:2 | Found Xepyski's Gadget Boutique.
 59055 | Vaults:2 | Reached skill level 22 in Unarmed Combat
 59426 | Vaults:3 | Reached XP level 19. HP: 177/177 MP: 18/18
 59645 | Vaults:3 | HP: 78/178 [white very ugly thing (31)]
 62574 | Vaults:4 | Noticed Xtahua
 62582 | Vaults:4 | Killed Xtahua
 62582 | Vaults:4 | Reached skill level 23 in Unarmed Combat
 62929 | Vaults:4 | Reached XP level 20. HP: 168/189 MP: 15/19
 63429 | Vaults:4 | Found Coikes's Distillery.
 63754 | Vaults:4 | HP: 77/189 [war gargoyle/spray of metal splinters (31)]
 63767 | Vaults:4 | HP: 77/189 [yaktaur (5)]
 64956 | Depths:1 | Entered Level 1 of the Depths
 65213 | Depths:1 | Noticed Saint Roka
 65247 | Depths:1 | Killed Saint Roka
 65254 | Depths:1 | Got a heavily runed chain mail
 65255 | Depths:1 | Identified the +4 chain mail of the Evening Star {Int+8} (You found it on level 1 of the Depths)
 65570 | Depths:1 | Found a one-way gate to the infinite horrors of the Abyss.
 65858 | Depths:1 | Noticed Bai Suzhen
 65881 | Depths:1 | Killed Bai Suzhen
 66051 | Depths:1 | Found a gateway to Hell.
 66218 | Depths:2 | Found a transporter.
 66227 | Depths:2 | Found a deep blue altar of Sif Muna.
 67172 | Depths:2 | Found a corrupted altar of Lugonu.
 67801 | Depths:2 | HP: 88/191 [tengu reaver/war axe (8)]
 67808 | Depths:2 | Reached skill level 24 in Unarmed Combat
 67813 | Depths:2 | HP: 86/191 [ogre mage/spear (5)]
 67841 | Depths:2 | HP: 85/191 [stone giant[a boggart] (19)]
 67844 | Depths:2 | Reached XP level 21. HP: 76/198 MP: 7/20
 67853 | Depths:2 | HP: 70/198 [stone giant[a boggart] (11)]
 68296 | Depths:2 | Got a clouded glass ring
 68300 | Depths:2 | Identified the ring "Tupint" {rC+ Int+2 Dex-5 Stlth-} (You found it on level 2 of the Depths)
 68318 | Depths:2 | Identified Jaryi's Handbook of Earthen Benedictions
 68353 | Depths:2 | Found a transporter.
 68799 | Depths:3 | HP: 78/199 [frost giant/bolt of cold (52)]
 68828 | Depths:3 | Noticed a juggernaut
 68858 | Depths:3 | HP: 62/199 [stone giant/large rock (40)]
 69398 | Depths:3 | Noticed a caustic shrike
 69398 | Depths:3 | an acid blob changed into a caustic shrike
 69448 | Depths:3 | Noticed a caustic shrike
 69448 | Depths:3 | an iron giant changed into a caustic shrike
 69452 | Depths:3 | a caustic shrike changed into a shadow dragon
 70362 | Depths:3 | Got a twisted robe
 70657 | Depths:3 | HP: 100/200 [poisoned by a green very ugly thing]
 70662 | Depths:3 | HP: 70/200 [poisoned by a green very ugly thing]
 70667 | Depths:3 | HP: 66/200 [poisoned by a green very ugly thing]
 70672 | Depths:3 | HP: 62/200 [poisoned by a green very ugly thing]
 70677 | Depths:3 | HP: 60/200 [poisoned by a green very ugly thing]
 70683 | Depths:3 | HP: 59/200 [poisoned by a green very ugly thing]
 70689 | Depths:3 | HP: 58/200 [poisoned by a green very ugly thing]
 70697 | Depths:3 | HP: 60/200 [poisoned by a green very ugly thing]
 70705 | Depths:3 | HP: 61/200 [poisoned by a green very ugly thing]
 70836 | Depths:3 | HP: 71/200 [juggernaut (35)]
 71336 | Depths:3 | Killed a juggernaut
 72121 | Depths:3 | Found a one-way gate leading to the halls of Pandemonium.
 72129 | Depths:3 | HP: 60/200 [??? (49)]
 72611 | Depths:4 | Reached XP level 22. HP: 197/209 MP: 19/21
 73265 | Depths:4 | Noticed Sojobo
 73278 | Depths:4 | HP: 101/209 [battlesphere[Sojobo] (18)]
 73283 | Depths:3 | HP: 98/209 [poisoned by a tengu reaver (poison gas)]
 73288 | Depths:3 | HP: 96/209 [poisoned by a tengu reaver (poison gas)]
 73294 | Depths:3 | HP: 95/209 [poisoned by a tengu reaver (poison gas)]
 73299 | Depths:3 | HP: 95/209 [poisoned by a tengu reaver (poison gas)]
 73306 | Depths:3 | HP: 96/209 [poisoned by a tengu reaver (poison gas)]
 73314 | Depths:3 | HP: 98/209 [poisoned by a tengu reaver (poison gas)]
 73776 | Depths:4 | HP: 104/209 [yaktaur captain/bolt (3)]
 73783 | Depths:4 | HP: 92/209 [yaktaur[a yaktaur captain] (10)]
 73791 | Depths:4 | HP: 91/209 [yaktaur (3)]
 73801 | Depths:4 | HP: 68/209 [tengu reaver/bolt of acid[Sojobo] (20)]
 74174 | Depths:4 | Reached skill level 25 in Unarmed Combat
 74233 | Depths:4 | HP: 103/209 [stone giant/large rock (40)]
 74924 | Depths:4 | HP: 94/209 [spriggan berserker/hand axe of chopping (31)]
 75604 | Depths:4 | HP: 97/209 [battlesphere[a tengu reaver] (16)]
 75868 | Depths:3 | Cast into level 4 of the Abyss (Sojobo)
 75909 | Depths:3 | Escaped the Abyss
 76161 | Depths:3 | Killed Sojobo
 76569 | Depths:4 | Noticed a caustic shrike
 76574 | Depths:4 | Noticed a juggernaut
 76731 | Depths:4 | HP: 97/210 [balrug/fireball (32)]
 76736 | Depths:4 | HP: 95/210 [poisoned by a balrug]
 76741 | Depths:4 | HP: 92/210 [poisoned by a balrug]
 76746 | Depths:4 | HP: 91/210 [poisoned by a balrug]
 76753 | Depths:4 | HP: 91/210 [poisoned by a balrug]
 76758 | Depths:4 | HP: 91/210 [poisoned by a balrug]
 76763 | Depths:4 | HP: 92/210 [poisoned by a balrug]
 76770 | Depths:4 | HP: 92/210 [poisoned by a balrug]
 76778 | Depths:4 | HP: 94/210 [poisoned by a balrug]
 77261 | Depths:5 | Entered Level 5 of the Depths
 77261 | Depths:5 | Found a gateway to a ziggurat.
 77264 | Depths:5 | Paralysed by a floating eye for 2 turns
 77598 | Depths:5 | Paralysed by a floating eye for 4 turns
 77604 | Depths:5 | Paralysed by a floating eye for 2 turns
 77608 | Depths:5 | Paralysed by a floating eye for 3 turns
 78356 | Depths:5 | Paralysed by a floating eye for 2 turns
 78365 | Depths:5 | Paralysed by a floating eye for 3 turns
 78371 | Depths:5 | Paralysed by a floating eye for 4 turns
 78873 | Depths:5 | Noticed a golden dragon
 78874 | Depths:5 | Found a gate to the Realm of Zot.
 78898 | Depths:5 | Killed a golden dragon
 79347 | Depths:5 | Voluntarily entered the Abyss.
 79378 | Abyss:1  | Reached XP level 23. HP: 207/217 MP: 20/22
 79702 | Abyss:3  | Found a corrupted altar of Lugonu.
 80352 | Abyss:3  | HP: 101/218 [Executioner (20)]
 80452 | Abyss:3  | HP: 98/218 [tentacled starspawn (15)]
 80489 | Abyss:3  | HP: 102/218 [smoke demon/divine providence (11)]
 80495 | Abyss:3  | HP: 96/218 [something (3)]
 80584 | Depths:5 | Escaped the Abyss
 80890 | Slime:1  | Entered Level 1 of the Pits of Slime
 80916 | Slime:1  | Reached skill level 26 in Unarmed Combat
 81026 | Slime:1  | Gained mutation: You often lose your temper in combat. [a shining eye]
 81924 | Slime:5  | Entered Level 5 of the Pits of Slime
 82453 | Slime:5  | Noticed the Royal Jelly
 82669 | Slime:3  | HP: 105/219 [death ooze (18)]
 82675 | Slime:3  | HP: 93/219 [death ooze (9)]
 82685 | Slime:3  | HP: 96/219 [acid (1)]
 82714 | Slime:3  | HP: 107/219 [acid blob/splash of acid (5)]
 82724 | Slime:4  | HP: 92/219 [acid blob/splash of acid (3)]
 82733 | Slime:3  | HP: 73/219 [acid (2)]
 83181 | Slime:5  | Found a viscous altar of Jiyva.
 83206 | Slime:5  | Killed the Royal Jelly
 83206 | Slime:5  | Reached skill level 15 in Stealth
 83211 | Slime:5  | HP: 103/219 [death ooze[the Royal Jelly] (9)]
 83213 | Slime:5  | HP: 48/219 [azure jelly[the Royal Jelly] (9)]
 83213 | Slime:5  | HP: 9/219 [azure jelly[the Royal Jelly] (20)]
 83702 | Slime:5  | Reached XP level 24. HP: 227/227 MP: 21/22
 83711 | Slime:5  | Found the +3 giant club "Skullcrusher" {speed, Str+7}
 83732 | Slime:5  | Got a jet-encrusted chain mail
 83733 | Slime:5  | Identified the cursed +0 chain mail "Qifau" {-Cast Int+3 Stlth+} (You found it on level 5 of the Pits of Slime)
 83755 | Slime:5  | Got a slimy rune of Zot
 84415 | Zot:1    | Entered Level 1 of the Realm of Zot
 84664 | Zot:1    | Noticed an orb of fire
 84664 | Zot:1    | HP: 81/227 [orb of fire/fireball (67)]
 84683 | Zot:1    | HP: 69/227 [orb of fire/fireball (17)]
 84692 | Zot:1    | HP: 26/227 [storm dragon/bolt of lightning (20)]
 84699 | Zot:1    | Killed from afar by a storm dragon

Skill      XL: |  1  2  3  4  5  6  7  8  9 10 11 12 13 14 15 16 17 18 19 20 21 22 23 24 |
---------------+-------------------------------------------------------------------------+-----
Unarmed Combat | 4 5 6 7 8 9 11 12 14 16 17 18 19 21 22 23 24 25 26 | 26.6
Fighting       | 4 5 6 8 9 10 11 12 13 14 15 16 17 18 19 20 21 | 21.4
Stealth        | 2 3 4 5 6 8 9 10 12 13 15 | 15.0
Dodging        | 4 5 6 7 8 9 10 11 12 13 14 15 16 17 18 19 20 | 20.0
Shields        | 8 10 11 12 14 15 16 17 18 19 20 | 20.5

Action                   |  1- 3 |  4- 6 |  7- 9 | 10-12 | 13-15 | 16-18 | 19-21 | 22-24 || total
-------------------------+-------+-------+-------+-------+-------+-------+-------+-------++-------
Melee: Unarmed           |    91 |   136 |   268 |   641 |  1315 |  1863 |  1683 |  1353 ||  7350
       Headbutt          |    14 |    28 |    49 |   174 |   373 |   596 |   617 |   482 ||  2333
       Punch             |     1 |     6 |    16 |    25 |       |       |       |       ||    48
  Use: Scroll            |     2 |    14 |     3 |     9 |     7 |    13 |     6 |    15 ||    69
 Stab: Sleeping          |     9 |     3 |    14 |     5 |    22 |    19 |    21 |    11 ||   104
       Distracted        |       |     1 |       |     3 |    10 |    10 |     6 |     6 ||    36
  Eat: Chunk             |     4 |     6 |    15 |    44 |    49 |    58 |    30 |    11 ||   217
       Ration            |       |       |     2 |     2 |       |       |     4 |     8 ||    16
Armor: Skin              |     7 |    19 |    29 |    56 |   158 |   199 |    92 |    76 ||   636
Dodge: Dodged            |    50 |    67 |   167 |   410 |   631 |   925 |   595 |   600 ||  3445
Block: Shield            |       |       |       |    60 |   476 |       |       |       ||   536
       Large shield      |       |       |       |       |   314 |  1623 |  1121 |  1098 ||  4156

Vault maps used:
D:1:      scummos_arrival_forest
D:2:      first_ration, minivault_19, item_on_display_a
D:3:      makhleb_altar_promises_db, uniq_natasha, uniq_jessica
D:4:      vehumet_statue, grunt_temple_overflow_open, serial_shops,
          kennysheep_little_box
D:5:      overflow_temple_1_default, serial_bayou_pond_c
D:6:      cheibrodos_two_vegetables, lemuel_doored_altar, uniq_menkaure
D:7:      chequers_temple_overflow_minitemple, temple_doors_e, serial_shops,
          nicolae_shop_stone
D:9:      gammafunk_temple_overflow_statue, erik_lair_dragon, uniq_gastronok
D:10:     uniq_urug, uniq_maurice, uniq_grum, uniq_josephine, uniq_fannar,
          uniq_erica
D:11:     erik_orc_2, nicolae_trove_entry_path_of_doom, the_bakery, uniq_snorg
D:12:     serial_shops, shop_coins, minivault_12, uniq_psyche, uniq_harold
D:13:     cheibrodos_lost_city_excavation, uniq_erolcha
D:14:     minmay_blocking_statues, erik_vaults_2, minmay_parallelograms,
          grunt_ministairs_13
D:15:     gammafunk_depths_entry_grave, serial_park_tiny_pond
Lair:1:   uniq_nergalle
Lair:2:   swamp_mist
Lair:4:   spider_nest_entry_a, minivault_24, beast_lair_carwin_6,
          infiniplex_staircase_pool_2
Lair:5:   nicolae_quartered_pool_little, grunt_forest_stairs_clearing,
          serial_bayou_shore_a, lemuel_fruit_tree
Lair:6:   minmay_lair_end_enchanted_forest, slime_altar_1, grunt_megastairs_4
Swamp:1:  hangedman_swamp_diagram
Swamp:2:  nicolae_swamp_stair_fork
Swamp:3:  hangedman_swamp_ruin_wall, swamp_pool5
Swamp:4:  swamp_basic_johnstein
Spider:1: nicolae_spider_mines_3, spider_trap
Spider:2: nicolae_orb_island
Spider:4: grunt_spider_rune_circles, nicolae_spider_webs_and_nodes, uniq_arachne
Slime:3:  nicolae_slime_round_cave
Slime:4:  cheibrodos_slime_lost_civilization_9, special_room
Orc:1:    basic_altar, nooodl_orcs_dogs
Orc:2:    st_orc_ogre_mass, portal_ice_cave_entry_imps, lab_entry_generic,
          basic_altar
Vaults:1: vaults_room_hallway, ontoclasm_vaults_loading_screen, v_misc_24,
          ontoclasm_vaults_loading_screen, nicolae_vaults_little_squares_2,
          v_misc_3, v_misc_25, v_misc_1
Vaults:2: nicolae_vaults_network_quincunx, nicolae_vaults_little_ls, v_misc_27,
          vaults_standard_mumra_x, nicolae_vaults_network_square,
          special_room_vaults, v_misc_8, v_misc_33, nicolae_vaults_angled_halls,
          minmay_crypt_entry_skeletal_spiral, serial_shops, shop
Vaults:3: nicolae_vaults_an_arrangement, hangedman_vaults_impose,
          nicolae_vaults_shelves_hall, dpeg_vaults_monster_box,
          nicolae_vaults_inception_statues, vaults_standard_mumra_lines,
          grunt_vaults_twisty, ontoclasm_vaults_spin, hangedman_vaults_snaps,
          ontoclasm_vaults_hangar, nicolae_vaults_what_the_h,
          grunt_vaults_focal, vaults_room_hallway
Vaults:4: v_pattern_4, grunt_vaults_trifunnel, dpeg_vaults_monster_row,
          nicolae_vaults_theta, v_misc_26, v_misc_13, nicolae_vaults_asterisk,
          serial_shops, nicolae_shop_statue_plus, uniq_xtahua
Depths:1: hangedman_abyss_entry_splay, minmay_door_square, hell_entry,
          dk_noncrumbling_3, hangedman_decor_peaks_small,
          kennysheep_generic_room_5, uniq_saint_roka, uniq_bai_suzhen
Depths:2: gammafunk_sealed_library, grunt_hell_horde, abyss_entry_flame_altar,
          hex_medium, lightli_minifort, infiniplex_staircase_zigzag_3
Depths:3: grunt_crosshair, grunt_pan_entry_zigzag, hell_entry,
          minmay_misc_feat_plants
Depths:4: minmay_expanding_circles, hellmouth_1, abyss_entry, kennysheep_nub,
          small_chamber_with_monster, serial_sigils_hangedman_shear,
          infiniplex_staircase_river, uniq_sojobo
Depths:5: grunt_zot_entry_hairpin, enter_ziggurat_c, abyss_entry,
          grunt_hell_entry_dis_grunt, grunt_pan_entry_in_and_out,
          grunt_decor_resistance, minmay_misc_feat_nine_boxes
Zot:1:    basic_altar
Zot:2:    grunt_zot_stairs_overgrown, evilmike_ambush
Abyss:3:  evilmike_abyss_exit_smiterflies, hangedman_steaming_rock
Abyss:4:  evilmike_abyss_exit_12, nicolae_abyss_rune_star_stuff,
          hangedman_abyss_or_decor_stabs, hangedman_stitches_earthworm
Lab:      nicolae_lab_dead_adventurers, nicolae_lab_plus, lab_statue
